PL
ATLANTA SMOKE @ BUCKHEAD BOWTIES
08/16/2025
 
TOP OF THE 1ST
Atlanta Smoke batting - Pitching for Buckhead Bowties : LHP Ramón Torres
Pitching: LHP Ramón Torres
Batting: LHB Bernardo Elías 0-0: Ball
1-0: Ball
2-0: Called Strike
2-1: Swinging Strike
2-2: SOLO HOME RUN (Flyball, 9D), Distance : 364 ft
Batting: RHB Pedro Morales 0-0: Called Strike
0-1: Foul Ball, location: 2F
0-2: Ball
1-2: Ball
2-2: Foul Ball, location: 2F
2-2: Ball
3-2: Ground out 5-3 (Groundball, 56S)
Batting: LHB Albert Morán 0-0: Ball
1-0: Foul Ball, location: 2F
1-1: Swinging Strike
1-2: Foul Ball, location: 2F
1-2: Fly out, F7 (Flyball, 7S)
Batting: LHB Ned Durand 0-0: Called Strike
0-1: Called Strike
0-2: Foul Ball, location: 2F
0-2: Ball
1-2: Ball
2-2: Foul Ball, location: 2F
2-2: Foul Ball, location: 2F
2-2: Ball
3-2: Base on Balls
Batting: RHB Jack Weber 0-0: Called Strike
0-1: Ball
1-1: Fly out, F4 (Popup, 34D)
Top of the 1st over - 1 run(s), 1 hit(s), 0 error(s), 1 left on base; Atlanta 1 - Buckhead 0
BOTTOM OF THE 1ST
Buckhead Bowties batting - Pitching for Atlanta Smoke : RHP Tom Rosas
Pitching: RHP Tom Rosas
Batting: RHB Dave King 0-0: Called Strike
0-1: Ball
1-1: Ball
2-1: Fly out, F8 (Flyball, 8RM)
Batting: LHB Gregg Young 0-0: Called Strike
0-1: Ball
1-1: Foul Ball, location: 2F
1-2: SINGLE (Groundball, 34D)
Batting: LHB Manuel Carmona 0-0: Foul Ball, location: 2F
0-1: Ball
1-1: Ball
2-1: Foul Ball, location: 2F
2-2: Ground out 4-3 (Groundball, 34)
Gregg Young to second
Batting: LHB Tony Martínez 0-0: Ball
1-0: Ball
2-0: Fly out, F4 (Popup, 4D)
Bottom of the 1st over - 0 run(s), 1 hit(s), 0 error(s), 1 left on base; Atlanta 1 - Buckhead 0
TOP OF THE 2ND
Atlanta Smoke batting - Pitching for Buckhead Bowties : LHP Ramón Torres
Batting: LHB Armando Esparza 0-0: Ball
1-0: Ball
2-0: Ball
3-0: Called Strike
3-1: DOUBLE (Line Drive, 9D)
Pitching: RHP Joshua Long
Batting: LHB Willis Baker 0-0: Ball
1-0: SINGLE (Groundball, 34D)
Armando Esparza to third
Batting: RHB Bartolo Morales 0-0: Swinging Strike
0-1: Fly out, F9 (Flyball, 9)
Runner from 3rd tags up, OUT at HOME
Willis Baker to second
Batting: RHB Anthony Johnston 0-0: Fly out, F9 (Line Drive, 9S)
Top of the 2nd over - 0 run(s), 2 hit(s), 0 error(s), 1 left on base; Atlanta 1 - Buckhead 0
BOTTOM OF THE 2ND
Buckhead Bowties batting - Pitching for Atlanta Smoke : RHP Tom Rosas
Batting: RHB Gabriel Rodríguez 0-0: Foul Ball, location: 2F
0-1: Ball
1-1: Ball
2-1: SINGLE (Line Drive, 7LS)
Batting: LHB Mysterious Walker 0-0: Ball
1-0: Ball
2-0: Called Strike
2-1: Ball
3-1: Base on Balls
Gabriel Rodríguez to second
Batting: LHB Harrison Jones 0-0: Called Strike
0-1: Ball
1-1: Ground out U3 (Groundball, 3S)
Gabriel Rodríguez to third
Mysterious Walker to second
Batting: RHB Mike Brown 0-0: Foul Ball, location: 2F
0-1: Ball
1-1: SINGLE (Groundball, 6MD)
Gabriel Rodríguez scores
Mysterious Walker to third
Runner from 3rd tries for Home, SAFE, no throw
Batting: RHB Israel Sanders 0-0: Ball
1-0: Fly out, F8 (Flyball, 78S)
Batting: RHB Dave King 0-0: Ball
1-0: Ball
2-0: Ball
3-0: Called Strike
3-1: Base on Balls
Mike Brown to second
Batting: LHB Gregg Young 0-0: Called Strike
0-1: Ball
1-1: Called Strike
1-2: Ball
2-2: Fly out, F8 (Flyball, 8RM)
Bottom of the 2nd over - 2 run(s), 2 hit(s), 0 error(s), 2 left on base; Atlanta 1 - Buckhead 2
TOP OF THE 3RD
Atlanta Smoke batting - Pitching for Buckhead Bowties : RHP Joshua Long
Batting: LHB Bernardo Elías 0-0: Fly out, F8 (Line Drive, 78M)
Batting: RHB Pedro Morales 0-0: Ball
1-0: Swinging Strike
1-1: Foul Ball, location: 2F
1-2: Ball
2-2: Fly out, F7 (Flyball, 7)
Batting: LHB Albert Morán 0-0: Ball
1-0: Called Strike
1-1: SOLO HOME RUN (Flyball, 9D), Distance : 362 ft
Batting: LHB Ned Durand 0-0: Swinging Strike
0-1: Foul Ball, location: 2F
0-2: Foul Ball, location: 2F
0-2: Ball
1-2: Strikes out swinging
Top of the 3rd over - 1 run(s), 1 hit(s), 0 error(s), 0 left on base; Atlanta 2 - Buckhead 2
BOTTOM OF THE 3RD
Buckhead Bowties batting - Pitching for Atlanta Smoke : RHP Tom Rosas
Batting: LHB Manuel Carmona 0-0: Ball
1-0: Ground out 4-3 (Groundball, 4S)
Batting: LHB Tony Martínez 0-0: Called Strike
0-1: Swinging Strike
0-2: SINGLE (Line Drive, 4M)
Batting: RHB Gabriel Rodríguez 0-0: Ball
1-0: Grounds into double play, 5-4-3 (Groundball, 56)
Bottom of the 3rd over - 0 run(s), 1 hit(s), 0 error(s), 0 left on base; Atlanta 2 - Buckhead 2
TOP OF THE 4TH
Atlanta Smoke batting - Pitching for Buckhead Bowties : RHP Joshua Long
Batting: RHB Jack Weber 0-0: SINGLE (Groundball, 56D)
Batting: LHB Armando Esparza 0-0: 2-RUN HOME RUN (Flyball, 89XD), Distance : 417 ft
Batting: LHB Willis Baker 0-0: Ball
1-0: Called Strike
1-1: Ball
2-1: SINGLE (Line Drive, 34)
Batting: RHB Bartolo Morales 0-0: DOUBLE (Line Drive, 9LM)
Willis Baker to third
Batting: RHB Anthony Johnston 0-0: Ball
1-0: Swinging Strike
1-1: Ball
2-1: Ball
3-1: SINGLE (Line Drive, 9S)
Willis Baker scores
Bartolo Morales to third
Pitching: RHP Frank Walker
Batting: LHB Bernardo Elías 0-0: Ball
1-0: Called Strike
1-1: SINGLE (Groundball, 4MD)
Bartolo Morales scores
Anthony Johnston to second
Runner from 2nd tries for 3rd, SAFE, throw made to third
Bernardo Elías to second
Batting: RHB Pedro Morales 0-0: Ground out 6-3 (Groundball, 6S)
Anthony Johnston scores
Bernardo Elías to third
Batting: LHB Albert Morán 0-0: Fly out, F8 (Flyball, 8RD)
Runner from 3rd tags up, SCORES, no throw
Batting: LHB Ned Durand 0-0: Ball
1-0: Called Strike
1-1: Ball
2-1: Foul Ball, location: 2F
2-2: Foul Ball, location: 2F
2-2: Ball
3-2: Foul Ball, location: 2F
3-2: Strikes out swinging
Top of the 4th over - 6 run(s), 6 hit(s), 0 error(s), 0 left on base; Atlanta 8 - Buckhead 2
BOTTOM OF THE 4TH
Buckhead Bowties batting - Pitching for Atlanta Smoke : RHP Tom Rosas
Batting: LHB Mysterious Walker 0-0: Ball
1-0: Ball
2-0: Ball
3-0: Called Strike
3-1: Base on Balls
Batting: LHB Harrison Jones 0-0: Ball
1-0: Ball
2-0: Called Strike
2-1: Ball
3-1: Foul Ball, location: 2F
3-2: SINGLE (Groundball, 56S) (infield hit)
Mysterious Walker to second
Batting: RHB Mike Brown 0-0: Fly out, F8 (Line Drive, 8LM)
Batting: RHB Israel Sanders 0-0: Ball
1-0: Called Strike
1-1: Ball
2-1: Ball
3-1: Foul Ball, location: 2F
3-2: Base on Balls
Mysterious Walker to third
Harrison Jones to second
Batting: RHB Dave King 0-0: Fielders Choice at 2nd, 6-4 (Groundball, 6)
Mysterious Walker scores
Harrison Jones to third
Batting: LHB Gregg Young 0-0: Ball
1-0: SINGLE (Groundball, 56D)
Harrison Jones scores
Dave King to second
Batting: LHB Manuel Carmona 0-0: Fly out, F7 (Flyball, 7S)
Bottom of the 4th over - 2 run(s), 2 hit(s), 0 error(s), 2 left on base; Atlanta 8 - Buckhead 4
TOP OF THE 5TH
Atlanta Smoke batting - Pitching for Buckhead Bowties : RHP Frank Walker
Batting: RHB Jack Weber 0-0: Called Strike
0-1: Ball
1-1: Ground out 3-1 (Groundball, 34)
Batting: LHB Armando Esparza 0-0: Ball
1-0: Called Strike
1-1: Ball
2-1: SINGLE (Groundball, 34D)
Batting: LHB Willis Baker 0-0: Ball
1-0: Ball
2-0: Ball
3-0: Called Strike
3-1: Base on Balls
Armando Esparza to second
Batting: RHB Bartolo Morales 0-0: Ball
1-0: Foul Ball, location: 2F
1-1: Fielders Choice at 2nd, 6-4 (Groundball, 6)
Armando Esparza to third
Batting: RHB Anthony Johnston 0-0: SINGLE (Line Drive, 6MD)
Armando Esparza scores
Bartolo Morales to second
Runner from 2nd tries for 3rd, SAFE, no throw
Batting: LHB Bernardo Elías 0-0: Fly out, F8 (Flyball, 8LM)
Top of the 5th over - 1 run(s), 2 hit(s), 0 error(s), 2 left on base; Atlanta 9 - Buckhead 4
BOTTOM OF THE 5TH
Buckhead Bowties batting - Pitching for Atlanta Smoke : RHP Tom Rosas
Batting: LHB Tony Martínez 0-0: Ball
1-0: SINGLE (Line Drive, 3D)
Batting: RHB Gabriel Rodríguez 0-0: Called Strike
0-1: Ball
1-1: Called Strike
1-2: Ball
2-2: Fly out, F8 (Flyball, 8LS)
Batting: LHB Mysterious Walker 0-0: Ball
1-0: Called Strike
1-1: Fielders Choice at 2nd, 6-4 (Groundball, 6M)
Batting: LHB Harrison Jones 0-0: Called Strike
0-1: SINGLE (Groundball, 23) (infield hit)
Mysterious Walker to second
Batting: RHB Mike Brown 0-0: Ball
1-0: Fly out, F8 (Flyball, 8LS)
Bottom of the 5th over - 0 run(s), 2 hit(s), 0 error(s), 2 left on base; Atlanta 9 - Buckhead 4
TOP OF THE 6TH
Atlanta Smoke batting - Pitching for Buckhead Bowties : RHP Frank Walker
Batting: RHB Pedro Morales 0-0: SINGLE (Groundball, 56D)
Batting: LHB Albert Morán 0-0: Called Strike
0-1: Grounds into double play, 4-3-6 (Groundball, 34)
Batting: LHB Ned Durand 0-0: Called Strike
0-1: Foul Ball, location: 2F
0-2: Ball
1-2: Ball
2-2: Ball
3-2: Base on Balls
Batting: RHB Jack Weber 0-0: Called Strike
0-1: Fielders Choice at 2nd, 6-4 (Groundball, 6)
Top of the 6th over - 0 run(s), 1 hit(s), 0 error(s), 0 left on base; Atlanta 9 - Buckhead 4
BOTTOM OF THE 6TH
Buckhead Bowties batting - Pitching for Atlanta Smoke : RHP Tom Rosas
Batting: RHB Israel Sanders 0-0: Called Strike
0-1: Called Strike
0-2: Foul Ball, location: 2F
0-2: Ground out 6-3 (Groundball, 6)
Batting: RHB Dave King 0-0: Fly out, F7 (Flyball, 78S)
Batting: LHB Gregg Young 0-0: Called Strike
0-1: Ball
1-1: Swinging Strike
1-2: Foul Ball, location: 2F
1-2: Foul Ball, location: 2F
1-2: Foul Ball, location: 2F
1-2: Fly out, F9 (Flyball, 89S)
Bottom of the 6th over - 0 run(s), 0 hit(s), 0 error(s), 0 left on base; Atlanta 9 - Buckhead 4
TOP OF THE 7TH
Atlanta Smoke batting - Pitching for Buckhead Bowties : RHP Frank Walker
Batting: LHB Armando Esparza 0-0: Called Strike
0-1: Called Strike
0-2: Ball
1-2: Foul Ball, location: 2F
1-2: Fly out, F8 (Flyball, 8RS)
Batting: LHB Willis Baker 0-0: Ball
1-0: Ground out 1-3 (Groundball, 13)
Batting: RHB Bartolo Morales 0-0: Ball
1-0: DOUBLE (Line Drive, 7LM)
Batting: RHB Anthony Johnston 0-0: Called Strike
0-1: Called Strike
0-2: Ball
1-2: Strikes out swinging
Top of the 7th over - 0 run(s), 1 hit(s), 0 error(s), 1 left on base; Atlanta 9 - Buckhead 4
BOTTOM OF THE 7TH
Buckhead Bowties batting - Pitching for Atlanta Smoke : RHP Tom Rosas
Batting: LHB Manuel Carmona 0-0: Fly out, F6 (Line Drive, 6S)
Batting: LHB Tony Martínez 0-0: SINGLE (Groundball, 34D)
Batting: RHB Gabriel Rodríguez 0-0: Foul Ball, location: 2F
0-1: Called Strike
0-2: Ball
1-2: Grounds into double play, 6-4-3 (Groundball, 6)
Bottom of the 7th over - 0 run(s), 1 hit(s), 0 error(s), 0 left on base; Atlanta 9 - Buckhead 4
TOP OF THE 8TH
Atlanta Smoke batting - Pitching for Buckhead Bowties : RHP Frank Walker
Batting: LHB Bernardo Elías 0-0: Foul Ball, location: 2F
0-1: Ball
1-1: Ball
2-1: Foul Ball, location: 2F
2-2: Ball
3-2: Base on Balls
Pitching: RHP Kyle Buckman
Batting: RHB Pedro Morales 0-0: Ball
1-0: Ball
2-0: DOUBLE (Groundball, 5L)
Bernardo Elías to third
Batting: LHB Albert Morán 0-0: Ball
1-0: Called Strike
1-1: Called Strike
1-2: Ball
2-2: Strikes out looking
Batting: LHB Ned Durand 0-0: Ball
1-0: DOUBLE (Line Drive, 9D)
Bernardo Elías scores
Pedro Morales scores
Batting: RHB Jack Weber 0-0: Swinging Strike
0-1: Ball
1-1: Ball
2-1: Ball
3-1: Foul Ball, location: 2F
3-2: DOUBLE (Groundball, 5L)
Ned Durand scores
Batting: LHB Armando Esparza 0-0: Ball
1-0: Foul Ball, location: 2F
1-1: Called Strike
1-2: SINGLE (Groundball, 34D)
Jack Weber to third
Runner from 3rd tries for Home, SAFE, throw made home
Armando Esparza to second
Batting: LHB Willis Baker 0-0: Foul Ball, location: 2F
0-1: Foul Ball, location: 2F
0-2: Ball
1-2: Ground out 6-3 (Groundball, 6)
Batting: RHB Bartolo Morales 0-0: Foul Ball, location: 2F
0-1: SINGLE (Groundball, 6D)
Armando Esparza to third
Runner from 3rd tries for Home, SAFE, no throw
Pitching: RHP Ricardo DePay
Batting: RHB Anthony Johnston 0-0: Called Strike
Bartolo Morales steals 2nd base
0-1: Foul Ball, location: 2F
0-2: Ground out 5-3 (Groundball, 56)
Top of the 8th over - 5 run(s), 5 hit(s), 0 error(s), 1 left on base; Atlanta 14 - Buckhead 4
BOTTOM OF THE 8TH
Buckhead Bowties batting - Pitching for Atlanta Smoke : RHP Tom Rosas
Pinch Hitting: RHB Enrique Marroquín 0-0: Ball
1-0: Foul Ball, location: 2F
1-1: Ball
2-1: Swinging Strike
2-2: Strikes out looking
Batting: LHB Harrison Jones 0-0: Ball
1-0: Called Strike
1-1: Foul Ball, location: 2F
1-2: Ball
2-2: SINGLE (Line Drive, 8RS)
Pitching: RHP Bruce Hamilton
Batting: RHB Mike Brown 0-0: Ball
1-0: Ball
2-0: Swinging Strike
2-1: Foul Ball, location: 2F
2-2: Strikes out swinging
Batting: RHB Israel Sanders 0-0: Ball
1-0: Ball
2-0: Called Strike
2-1: Ball
3-1: Base on Balls
Harrison Jones to second
Batting: RHB Dave King 0-0: Foul Ball, location: 2F
0-1: Ball
1-1: Ball
2-1: Ground out 1-3 (Groundball, 13)
Bottom of the 8th over - 0 run(s), 1 hit(s), 0 error(s), 2 left on base; Atlanta 14 - Buckhead 4
TOP OF THE 9TH
Atlanta Smoke batting - Pitching for Buckhead Bowties : RHP Ricardo DePay
Now in LF: Enrique Marroquín
Batting: LHB Bernardo Elías 0-0: Called Strike
0-1: Ball
1-1: Ball
2-1: Ground out 4-3 (Groundball, 34D)
Batting: RHB Pedro Morales 0-0: Called Strike
0-1: Swinging Strike
0-2: Ball
1-2: Strikes out swinging
Batting: LHB Albert Morán 0-0: Ball
1-0: Called Strike
1-1: Ground out 3-1 (Groundball, 34)
Top of the 9th over - 0 run(s), 0 hit(s), 0 error(s), 0 left on base; Atlanta 14 - Buckhead 4
BOTTOM OF THE 9TH
Buckhead Bowties batting - Pitching for Atlanta Smoke : RHP Bruce Hamilton
Batting: LHB Gregg Young 0-0: Ball
1-0: Ball
2-0: Called Strike
2-1: Ground out 3-1 (Groundball, 34S)
Batting: LHB Manuel Carmona 0-0: SINGLE (Groundball, 34D)
Batting: LHB Tony Martínez 0-0: Foul Ball, location: 2F
0-1: Fly out, F4 (Line Drive, 4D)
Batting: RHB Gabriel Rodríguez 0-0: Called Strike
0-1: Foul Ball, location: 2F
0-2: Strikes out swinging
Bottom of the 9th over - 0 run(s), 1 hit(s), 0 error(s), 1 left on base; Atlanta 14 - Buckhead 4
Friday, December 30th, 2016 - OOTP Baseball 17.12 Build 75